 Dungeon Crawl Stone Soup version 0.20.0 (webtiles) character file.

4517 Llamajah the Protected (level 10, -17/84 HPs)
             Began as a Minotaur Fighter on July 18, 2017.
             Was a Believer of Okawaru.
             Killed from afar by a steam dragon (27 damage)
             ... with a ball of steam
             ... on level 8 of the Dungeon.
             The game lasted 00:20:11 (7019 turns).

Llamajah the Protected (Minotaur Fighter)           Turns: 7019, Time: 00:20:12

Health: -17/84     AC: 14    Str: 21    XL:     10   Next: 16%
Magic:  9/9        EV:  9    Int:  5    God:    Okawaru [**....]
Gold:   308        SH: 19    Dex: 13    Spells: 9/9 levels left

rFire    . . .     SeeInvis .   a - +0 war axe
rCold    . . .     Gourm    .   r - +0 large shield
rNeg     . . .     Faith    .   L - +0 chain mail
rPois    .         Spirit   .   (helmet restricted)
rElec    .         Reflect  +   p - +0 cloak
rCorr    .         Harm     .   (no gloves)
MR       .....                  D - +0 pair of boots
Stlth    ..........             i - +2 amulet of reflection
Regen    0.3/turn               E - ring of loudness (curse)
MPRegen  0.2/turn               (no ring)

@: no status effects
A: retaliatory headbutt, horns 2
a: Heroism, Renounce Religion


You were on level 8 of the Dungeon.
You worshipped Okawaru.
Okawaru was pleased with you.
You were not hungry.

You visited 1 branch of the dungeon, and saw 8 of its levels.
You also visited: Sewer and Ossuary.

You collected 411 gold pieces.
You spent 103 gold pieces at shops.

Inventory:

Hand Weapons
 a - a +0 war axe (weapon)
Armour
 b - a +0 scale mail
 p - a +0 cloak (worn)
 r - a +0 large shield (worn)
 D - a +0 pair of boots (worn)
 L - a +0 chain mail (worn)
Jewellery
 i - a +2 amulet of reflection (around neck)
 E - a cursed ring of loudness (left hand)
 G - an uncursed amulet of magic regeneration
Wands
 t - a wand of paralysis (15/24)
 N - a wand of polymorph (10/24)
 O - a wand of scattershot (3/9)
 P - a wand of polymorph (12/24)
Scrolls
 n - 6 scrolls of teleportation {unknown}
 o - a scroll of random uselessness {unknown}
 q - 3 scrolls of recharging {unknown}
 s - 4 scrolls of magic mapping {unknown}
 u - 2 scrolls of fear {unknown}
 v - a scroll of blinking {unknown}
 x - 3 scrolls of enchant armour {unknown}
 y - 3 scrolls of enchant weapon {unknown}
 z - 4 scrolls of identify {unknown}
 C - 2 scrolls of remove curse {unknown}
 F - a scroll of amnesia {unknown}
 M - a scroll of immolation {unknown}
Potions
 c - 2 potions of resistance {unknown}
 d - 2 potions of might
 e - 3 potions of brilliance {unknown}
 g - 2 potions of curing {unknown}
 h - 2 potions of invisibility {unknown}
 k - 2 potions of heal wounds
 l - 4 potions of flight
 w - a potion of haste {unknown}
 B - a potion of lignification {unknown}
 H - a potion of mutation {unknown}
 I - 2 potions of agility
 J - 2 potions of ambrosia {unknown}
 K - a potion of degeneration {unknown}
Comestibles
 f - 4 bread rations
 j - 8 fruits
 m - 2 royal jellies
 A - 3 meat rations


   Skills:
 + Level 6.9 Fighting
 + Level 6.1 Axes
 * Level 10.0 Armour
 * Level 8.2 Dodging
 * Level 9.7 Shields


You had 9 spell levels left.
You didn't know any spells.

Dungeon Overview and Level Annotations

Branches:
Dungeon (8/15)             Temple (0/1) D:7
   Lair: D:8-11

Altars:
Cheibriados
Gozag
Makhleb
Nemelex Xobeh
Okawaru
Yredelemnul

Shops:
D:4 [


Innate Abilities, Weirdness & Mutations

You reflexively headbutt those who attack you in melee.
You have a pair of horns on your head.


Message History

The steam dragon is heavily wounded.
The steam dragon breathes steam at you. The ball of steam hits you!
* * * LOW HITPOINT WARNING * * *
You hear a shout! x5
Your shield and chain mail prevent you from hitting the steam dragon.
The steam dragon is heavily wounded.
You are engulfed in a cloud of scalding steam.
You block the steam dragon's attack. x2
You closely miss the steam dragon.
The steam dragon is heavily wounded.
The steam dragon bites you but does no damage.
The steam dragon claws you.
* * * LOW HITPOINT WARNING * * *
You slash the steam dragon! Your headbutt misses the steam dragon.
The steam dragon is almost dead.
You block the steam dragon's attack. x2
The steam dragon breathes steam at you. The ball of steam hits you!
You die...

#.# ###########.#
#.#####.........#.###
#####...)....######.>...#
.........###..######...#.####
...#####.# #..##.............
. ##.###.§##.#########.#.
#.....§># #8P.©.P8#.#.
#.###.§.# #≈..%..≈#.#. #.
#§@§# ####4####.#. #.
#)D....#5≈.5.≈5#... #.
...#.##.#K≈...≈o#.#. #.....
.# #o≈≈≈P≈K#.## ....... .#
#.≈≈⌠≈≈.#.## .#..... .#
#.≈≈≈≈≈.#.#. #.....
....#.≈...≈.#..# ....##
##..#.≈...≈.#..#
#.####'####..#


You could see a steam dragon.

Vanquished Creatures
  A hippogriff (D:7)
  Sigmund (D:5)
  Duvessa (D:7)
  A black bear (D:6)
  3 phantoms
  An ice beast (D:5)
  3 orc warriors
  2 ogres
  4 centaurs
  2 crocodiles
  4 bullfrogs
  3 big kobolds
  Blork the orc (D:4)
  3 scorpions
  Dowan (D:7)
  4 killer bees (D:8)
  3 howler monkeys
  2 crimson imps (D:5)
  A jelly (D:8)
  6 hounds
  2 gnoll shamans (D:6)
  3 orc priests (D:5)
  An iguana (D:5)
  4 centaur skeletons
  8 worker ants
  8 orc wizards
  12 mummies (Ossuary)
  2 hound skeletons (D:5)
  A worker ant zombie (D:5)
  Robin (D:4)
  11 gnolls
  A howler monkey skeleton (D:4)
  17 adders
  A river rat (D:4)
  An ooze (Sewer)
  5 adder skeletons
  6 worms
  A dart slug (D:3)
  8 leopard geckos
  27 orcs
  5 bats
  8 giant cockroaches
  2 gnoll zombies (D:6)
  9 hobgoblins
  7 jackals
  5 quokkas
  5 ball pythons
  5 frilled lizards
  A gnoll skeleton (Ossuary)
  19 goblins
  4 goblin skeletons (Ossuary)
  18 kobolds
  A leopard gecko skeleton (D:4)
  3 orc skeletons (Ossuary)
  A quokka skeleton (D:4)
  7 rats
  11 rat skeletons (Ossuary)
278 creatures vanquished.

Vanquished Creatures (others)
  An orc wizard (D:8)
  2 orcs
  2 goblins
  A kobold (D:7)
6 creatures vanquished.

Grand Total: 284 creatures vanquished

Notes
Turn   | Place    | Note
-------+----------+-------------------------------------------
     0 | D:1      | Llamajah the Minotaur Fighter began the quest for the Orb.
     0 | D:1      | Reached XP level 1. HP: 19/19 MP: 0/0
   202 | D:1      | Reached XP level 2. HP: 26/27 MP: 1/1
   379 | D:1      | Reached skill level 4 in Armour
   767 | D:2      | Reached skill level 1 in Dodging
   768 | D:2      | Reached XP level 3. HP: 33/33 MP: 2/2
  1024 | D:2      | Found a faded altar of an unknown god.
  1036 | D:2      | Reached XP level 4. HP: 35/40 MP: 3/3
  1221 | D:3      | Reached XP level 5. HP: 46/46 MP: 4/4
  1379 | D:3      | Reached skill level 5 in Armour
  1585 | D:4      | Reached skill level 5 in Shields
  1601 | D:4      | Found Gunotim's Antique Armour Emporium.
  1604 | D:4      | Bought a large shield for 103 gold pieces
  1636 | D:4      | Noticed a phantom
  1657 | D:4      | Found a snail-covered altar of Cheibriados.
  1673 | D:4      | Killed a phantom
  1673 | D:4      | Reached XP level 6. HP: 40/53 MP: 5/5
  1699 | D:4      | Noticed Robin
  1708 | D:4      | Killed Robin
  1827 | D:4      | Noticed Blork the orc
  1830 | D:4      | Killed Blork the orc
  1902 | D:4      | Found a glowing drain.
  1919 | Sewer    | Entered a sewer
  1987 | Sewer    | Reached XP level 7. HP: 40/60 MP: 6/6
  2001 | Sewer    | Reached skill level 6 in Armour
  2807 | D:5      | Entered Level 5 of the Dungeon
  2853 | D:5      | Noticed Sigmund
  2875 | D:5      | Killed Sigmund
  2875 | D:5      | Reached skill level 5 in Fighting
  2880 | D:5      | Reached skill level 5 in Dodging
  2880 | D:5      | Reached XP level 8. HP: 14/68 MP: 7/7
  3141 | D:5      | Reached skill level 7 in Armour
  3660 | D:5      | Reached skill level 5 in Axes
  3660 | D:5      | Reached skill level 8 in Armour
  4015 | D:5      | Reached XP level 9. HP: 58/75 MP: 8/8
  4138 | D:6      | Found an iron altar of Okawaru.
  4150 | D:6      | Became a worshipper of Warmaster Okawaru
  4634 | D:6      | Reached * piety under Okawaru
  4961 | D:6      | Found a basalt altar of Yredelemnul.
  5081 | D:7      | Found an opulent altar of Gozag.
  5135 | D:7      | Reached skill level 9 in Armour
  5212 | D:7      | Noticed Dowan
  5214 | D:7      | Noticed Duvessa
  5217 | D:7      | Killed Dowan
  5225 | D:7      | Killed Duvessa
  5388 | D:7      | Found a sand-covered staircase.
  5397 | D:7      | Found a sparkling altar of Nemelex Xobeh.
  5413 | Ossuary  | Entered an ossuary
  5444 | Ossuary  | Reached ** piety under Okawaru
  5846 | D:7      | Found a staircase to the Ecumenical Temple.
  6202 | D:8      | Reached XP level 10. HP: 73/84 MP: 9/9
  6648 | D:8      | Found a burning altar of Makhleb.
  6698 | D:8      | HP: 4/84 [killer bee (5)]
  6704 | D:8      | Reached skill level 10 in Armour
  7019 | D:8      | Killed from afar by a steam dragon

Skill      XL: |  1  2  3  4  5  6  7  8  9 10 |
---------------+-------------------------------+-----
Armour         | 4 5 6 8 9 10 | 10.0
Dodging        | 1 2 3 5 6 8 |  8.2
Shields        | 4 5 6 8 9 |  9.7
Fighting       | 4 5 6 |  6.9
Axes           | 3 4 5 6 |  6.1

Action                   |  1- 3 |  4- 6 |  7- 9 | 10-12 || total
-------------------------+-------+-------+-------+-------++-------
Melee: War axe           |    90 |   170 |   521 |    71 ||   852
       Headbutt          |     9 |    26 |   123 |     9 ||   167
  Use: Potion            |       |       |     1 |     4 ||     5
  Eat: Chunk             |       |     4 |    11 |       ||    15
       Royal jelly       |       |       |     2 |       ||     2
       Bread ration      |       |       |       |     1 ||     1
Armor: Scale mail        |    46 |    49 |   129 |    18 ||   242
       Chain mail        |       |       |       |     9 ||     9
Dodge: Dodged            |    28 |    44 |    93 |    36 ||   201
Block: Shield            |    61 |    41 |       |       ||   102
       Reflection        |     3 |     1 |     9 |       ||    13
       Large shield      |       |   100 |   462 |   112 ||   674
